 Dungeon Crawl Stone Soup version 0.19.1 (webtiles) character file.

2173 stebl the Martial Artist (level 9, -8/88 HPs)
             Began as a Merfolk Transmuter on Dec 8, 2016.
             Was a Believer of Makhleb.
             Mangled by bande's ghost (13 damage)
             ... on level 9 of the Dungeon.
             The game lasted 00:41:47 (9631 turns).

stebl the Martial Artist (Merfolk Transmuter)       Turns: 9631, Time: 00:41:48

Health: -8/88      AC:  5    Str: 10    XL:     9   Next: 32%
Magic:  0/12       EV: 11    Int: 12    God:    Makhleb [**....]
Gold:   334        SH:  0    Dex: 18    Spells: 4 memorised, 2 levels left

rFire  x . .     SeeInvis .       - Unarmed
rCold  + + +     Gourm    .     (armour currently unavailable)
rNeg   . . .     Faith    .     (shield currently unavailable)
rPois  +         Spirit   .     (helmet currently unavailable)
rElec  .         Reflect  .     (cloak currently unavailable)
rCorr  .         Harm     .     (gloves currently unavailable)
MR     .....                    (boots currently unavailable)
Stlth  ++........               (no amulet)
                                (no ring)
                                G - ring of wizardry

@: ice-form, very slightly contaminated, invisible
A: (change form in water), (swift swim), (stealthy swim)
a: End Transformation, Minor Destruction, Renounce Religion


You were on level 9 of the Dungeon.
You worshipped Makhleb.
Makhleb was pleased with you.
You were not hungry.
You were a creature of crystalline ice.
You visited 2 branches of the dungeon, and saw 8 of its levels.
You also visited: Sewer.

You collected 334 gold pieces.

Inventory:

Missiles
 f - 180 stones (quivered)
 p - 7 curare-tipped needles
 C - 4 arrows
 K - 4 tomahawks
Armour
 a - a +0 helmet (melded)
 b - a +0 robe (melded)
Jewellery
 w - an uncursed ring of flight
 x - an uncursed ring of ice
 G - a ring of wizardry (left front paw)
Wands
 y - a wand of confusion (21/48)
Scrolls
 h - a scroll of torment {unknown}
 j - 4 scrolls of fog
 k - 5 scrolls of blinking
 l - a scroll of remove curse
 n - 6 scrolls of amnesia
 o - a scroll of noise
 r - 2 scrolls of teleportation {unknown}
 I - a scroll of fear
 J - a scroll of magic mapping {unknown}
Potions
 e - 2 potions of might
 m - 2 potions of flight
 q - 7 potions of curing
 s - a potion of invisibility
 v - 5 potions of magic
 z - 3 potions of haste
 A - a potion of brilliance
 B - a potion of mutation
 D - a potion of lignification {unknown}
 H - 5 potions of heal wounds {unknown}
Books
 c - a book of Changes

   Spells                             Type                      Level
   a - Beastly Appendage              Transmutation                1
   b - Sticks to Snakes               Transmutation                2
   c - Spider Form                    Transmutation/Poison         3
   d - Ice Form                       Ice/Transmutation            4
   e - Blade Hands                    Transmutation                5
 u - Jessica's Compendium of Unholy Secrets
   (You found it on level 3 of the Dungeon)

   Spells                             Type                      Level
   a - Animate Skeleton               Necromancy                   1
   b - Pain                           Necromancy                   1
Comestibles
 d - 3 bread rations
 g - 2 slices of pizza
 t - 3 beef jerkies
 E - 5 fruits
 F - 3 meat rations


   Skills:
 * Level 7.9 Fighting
 - Level 2.6 Dodging
 - Level 9.3 Unarmed Combat
 - Level 2.0 Spellcasting
 + Level 5.5 Transmutations
 - Level 3.4 Ice Magic
 - Level 2.0 Poison Magic


You had 2 spell levels left.
You knew the following spells:

 Your Spells              Type           Power        Failure   Level  Hunger
a - Beastly Appendage     Tmut           ##....       1%          1    ##.....
b - Sticks to Snakes      Tmut           ##......     1%          2    ###....
c - Spider Form           Tmut/Pois      ##........   9%          3    ####...
d - Ice Form              Ice/Tmut       ##......     26%         4    #####..


Dungeon Overview and Level Annotations

Branches:
Dungeon (6/15)             Temple (1/1) D:4

Altars:
Ashenzari
Cheibriados
Dithmenos
Elyvilon
Fedhas
Gozag
Hepliaklqana
Kikubaaqudgha
Makhleb
Nemelex Xobeh
Okawaru
Qazlal
Ru
Sif Muna
Trog
Uskayaw
Vehumet
Xom
Yredelemnul
Zin
The Shining One

Annotations:
D:9 bande's ghost, novice HOFi


Message History

Bande's ghost is severely damaged.
Bande's ghost hits you!!
You feel your power leaking away.
You hit bande's ghost but do no damage.
Bande's ghost is severely damaged.
Bande's ghost misses you.
You hit bande's ghost but do no damage.
Bande's ghost is severely damaged.
Bande's ghost misses you.
You hit bande's ghost but do no damage.
Bande's ghost is heavily damaged.
You punch bande's ghost! You freeze bande's ghost.
Bande's ghost is severely damaged.
Bande's ghost hits you!!
* * * LOW HITPOINT WARNING * * *
Okay, then.
You hit bande's ghost but do no damage.
Bande's ghost is severely damaged.
Bande's ghost hits you!
You die...

## ..
######'#
#YW....#
#......#
#......#
#......+
#......#
#......#
########


You could see bande's ghost.

Vanquished Creatures
  Grinder (D:5)
  Sigmund (D:5)
  4 yaks (D:6)
  Menkaure (D:6)
  2 ice beasts (D:6)
  An ogre (D:5)
  2 bullfrogs
  A howler monkey (D:6)
  2 crimson imps (D:6)
  A bullfrog skeleton (D:6)
  A hound (D:5)
  6 orc wizards
  Jessica (D:3)
  A worker ant (D:6)
  2 hound zombies
  A worker ant zombie (D:6)
  11 adders
  5 river rats (Sewer)
  An ooze (Sewer)
  3 worms
  6 leopard geckos
  7 orcs
  5 giant cockroaches
  10 goblins
  12 hobgoblins
  7 quokkas
  8 ball pythons
  9 bats
  4 frilled lizards
  14 kobolds
  A quokka zombie (D:5)
  34 rats
165 creatures vanquished.

Vanquished Creatures (collateral kills)
  A bullfrog (Sewer)
  3 adders (D:3)
  An ooze (Sewer)
  A leopard gecko (D:3)
  A bat (D:3)
  2 ball pythons (Sewer)
  2 frilled lizards
  A rat (D:3)
12 creatures vanquished.

Grand Total: 177 creatures vanquished

Notes
Turn   | Place    | Note
-------+----------+-------------------------------------------
     0 | D:1      | stebl the Merfolk Transmuter began the quest for the Orb.
     0 | D:1      | Reached XP level 1. HP: 15/15 MP: 3/3
   415 | D:1      | Reached XP level 2. HP: 20/21 MP: 5/5
   419 | D:1      | Reached skill level 4 in Unarmed Combat
   431 | D:1      | Learned a level 2 spell: Sticks to Snakes
  1158 | D:2      | Reached XP level 3. HP: 13/26 MP: 3/6
  1972 | D:2      | Reached skill level 5 in Unarmed Combat
  2002 | D:2      | Learned a level 3 spell: Spider Form
  2278 | D:3      | Reached XP level 4. HP: 32/32 MP: 0/7
  2422 | D:3      | Reached skill level 1 in Poison Magic
  2921 | D:3      | Noticed Jessica
  3848 | D:3      | Reached XP level 5. HP: 37/37 MP: 0/8
  3982 | D:3      | Killed Jessica
  3985 | D:3      | Identified Jessica's Compendium of Unholy Secrets
  4171 | D:3      | Reached skill level 6 in Unarmed Combat
  5049 | D:3      | Reached XP level 6. HP: 14/43 MP: 2/9
  5411 | D:4      | Found a staircase to the Ecumenical Temple.
  5417 | Temple   | Entered the Ecumenical Temple
  5586 | Temple   | Became a worshipper of Makhleb the Destroyer
  5728 | D:4      | Found a burning altar of Makhleb.
  6038 | D:5      | Entered Level 5 of the Dungeon
  6100 | D:5      | Found a glowing drain.
  6101 | D:5      | Reached skill level 7 in Unarmed Combat
  6120 | Sewer    | Entered a sewer
  6356 | Sewer    | Reached * piety under Makhleb
  6970 | Sewer    | Reached XP level 7. HP: 19/51 MP: 7/10
  6989 | Sewer    | Reached skill level 8 in Unarmed Combat
  7271 | D:5      | Noticed Sigmund
  7278 | D:5      | Killed Sigmund
  7542 | D:5      | Reached skill level 9 in Unarmed Combat
  7998 | D:5      | Reached XP level 8. HP: 54/58 MP: 7/11
  8095 | D:6      | Learned a level 4 spell: Ice Form
  8456 | D:6      | Noticed a yak
  8458 | D:6      | Noticed a yak
  8461 | D:6      | Noticed Grinder
  8507 | D:5      | Killed Grinder
  8821 | D:6      | Noticed Menkaure
  8978 | D:6      | Killed Menkaure
  8978 | D:6      | Reached skill level 5 in Fighting
  9064 | D:6      | Noticed a yak
  9065 | D:6      | Noticed a yak
  9075 | D:6      | Killed a yak
  9075 | D:6      | Reached ** piety under Makhleb
  9212 | D:6      | Killed a yak
  9212 | D:6      | Reached XP level 9. HP: 71/71 MP: 9/12
  9234 | D:6      | Reached skill level 5 in Transmutations
  9551 | D:6      | You fall through a shaft for 3 floors!
  9614 | D:9      | Noticed bande's ghost (novice HOFi)
  9631 | D:9      | Mangled by bande's ghost

Skill      XL: |  1  2  3  4  5  6  7  8  9 |
---------------+----------------------------+-----
Unarmed Combat | 4 5 6 7 9 |  9.3
Poison Magic   | 1 2 |  2.0
Transmutations | 3 4 5 |  5.5
Fighting       | 2 3 6 7 |  7.9
Ice Magic      | 3 |  3.4
Dodging        | |  2.6
Spellcasting   | |  2.0

Action                   |  1- 3 |  4- 6 |  7- 9 || total
-------------------------+-------+-------+-------++-------
Melee: Unarmed           |   158 |   277 |   143 ||   578
       Headbutt          |     4 |       |       ||     4
       Punch             |     2 |     5 |     5 ||    12
       Tailslap          |       |    10 |     2 ||    12
Throw: Stone             |    33 |    36 |     8 ||    77
 Cast: Beastly Appendage |     7 |     4 |       ||    11
       Sticks to Snakes  |     3 |    15 |     6 ||    24
       Spider Form       |       |    12 |    12 ||    24
       Ice Form          |       |       |     2 ||     2
Evoke: Wand              |       |     3 |       ||     3
  Use: Scroll            |       |    14 |     2 ||    16
       Potion            |       |       |     4 ||     4
 Stab: Sleeping          |     4 |       |       ||     4
       Invisible         |       |       |     2 ||     2
  Eat: Chunk             |     5 |    17 |     8 ||    30
       Fruit             |       |     1 |       ||     1
       Royal jelly       |       |       |     1 ||     1
       Pizza             |       |       |     1 ||     1
Armor: Robe              |    24 |    25 |     5 ||    54
       Skin              |       |     7 |     3 ||    10
Dodge: Dodged            |    98 |   158 |   105 ||   361
